[Event "Live Chess"]
[Site "Chess.com"]
[Date "2023.05.21"]
[Round "-"]
[White "alanmike75"]
[Black "jimwad"]
[Result "1-0"]
[WhiteElo "1554"]
[BlackElo "1255"]
[TimeControl "300"]
[EndTime "17:26:53 PDT"]
[Termination "alanmike75 won by checkmate"]

1. e4 e5 2. Nf3 Nc6 3. d4 exd4 4. Nxd4 Nxd4 5. Qxd4 b6 6. Bc4 Bc5 7. Qd3 Qf6 8. Be3 Bxe3 9. Qxe3 Ne7 10. Nc3 O-O 11.
O-O Bb7 12. Rfe1 Qg6 13. Qg3 Qxg3 14. hxg3 Ng6 15. f3 d6 16. Kf2 Ne5 17. Be2 h6 18. Rad1 a6 19. f4 Nd7 20. Bf3 Nc5 21. b4 Nd7 22. a3 f5 23. exf5 Bxf3 24. Kxf3 Rxf5 25.
Re7 Rf7 26. Rde1 Rxe7 27. Rxe7 Rd8 28. Nd5 c6 29. Ne3 Nf6 30. Ra7 a5 31. bxa5 bxa5 32.
Rxa5 c5 33. c4 Kf7 34. Ra7+ Nd7 35. g4 g6 36. Nd5 Ke6 37. g3 Nf8 38. Re7# 1-0

[Event "Live Chess"]
[Site "Chess.com"]
[Date "2023.05.21"]
[Round "-"]
[White "NAZRIZ1977"]
[Black "LanceMaster23"]
[Result "0-1"]
[WhiteElo "1996"]
[BlackElo "1901"]
[TimeControl "300"]
[EndTime "17:26:53 PDT"]
[Termination "LanceMaster23 won by resignation"]

1. d4 Nf6 2. Nc3 d5 3. Bf4 Bf5 4. e3 e6 5. f3 h6 6. g4 Bg6 7. h4 Bd6 8. Nge2 c6 9. Qd2 Qe7 10.
O-O-O Nbd7 11. Bxd6 Qxd6 12. Nf4 Nf8 13. Bd3 Bxd3 14.
cxd3 O-O-O 15. g5 N6d7 16. Kb1 e5 17. dxe5 Nxe5 18. Qe1 Nxf3 19. Qf2 hxg5 20. hxg5 Rxh1 21. Rxh1 Nxg5 0-1

[Event "Live Chess"]
[Site "Chess.com"]
[Date "2023.05.21"]
[Round "-"]
[White "KGreenGator"]
[Black "SupremeTactician"]
[Result "0-1"]
[WhiteElo "1785"]
[BlackElo "2343"]
[TimeControl "300"]
[EndTime "17:27:23 PDT"]
[Termination "SupremeTactician won by checkmate"]

1. c4 c5 2. Nc3 Nc6 3. e4 g6 4.
Nf3 Bg7 5. a3 d6 6. Qc2 Nf6 7. d3 Bg4 8. Be2 Bxf3 9. Bxf3 Nd4 10. Qd1 O-O 11. Be3 Nd7 12. Rb1 Nxf3+ 13. Qxf3 Ne5 14.
Qe2 f5 15. exf5 Rxf5 16. O-O Qf8 17. d4 cxd4 18. Bxd4 Nf3+ 19. gxf3 Bxd4 20. Nd5 Re8 21. Qe6+ Kg7 22. f4 Rxd5 23. cxd5 Qxf4 24. Qh3 Qg5+ 25.
Qg2 Qf5 26. Rfd1 Bc5 27. b4 Bb6 28. a4 Rf8 29. Rb2 Qe5 30. Rbd2 a6 31. a5 Ba7 32.
Qg3 Qh5 33. Re1 Rf7 34. Qc3+ Kg8 35. Qc8+ Kg7 36. Qc3+ Kh6 37. Qg3 Rf3 38. Qg2 Rf5 39. Kh1 Rg5 40. Qf1 Qf3+ 41. Qg2 Qxg2# 0-1

[Event "Live Chess"]
[Site "Chess.com"]
[Date "2023.05.21"]
[Round "-"]
[White "chessfiction"]
[Black "LL220284LL"]
[Result "1-0"]
[WhiteElo "2345"]
[BlackElo "2316"]
[TimeControl "300"]
[EndTime "17:27:36 PDT"]
[Termination "chessfiction won by resignation"]

1. e4 c5 2. d4 cxd4 3. c3 dxc3 4. Nxc3 e6 5. Nf3 Nc6 6. Bg5 Qa5 7. Bd3 h6 8. Bd2 Qh5 9. O-O Nf6 10. Re1 Bd6 11. e5 Nxe5 12. Nxe5 Bxe5 13. Qxh5 Nxh5 14. Rxe5 Nf6 15.
Rae1 d5 16. Nxd5 Nxd5 17. Rxd5 Bd7 18. Bb5 O-O-O 19. Bxd7+ Rxd7 20. Rxd7 Kxd7 21. Be3 b6 22. Rd1+ Kc6 23. Kf1 Kb7 24. Ke2 Kc6 25. a4 g5 26. b4 f5 27. b5+ Kc7 28. Bd4 Rh7 29. Be5+ Kb7 30. Rd8 a6 31. Kd3 Rf7 32. Kc4 f4 33. f3 h5 34. Kd4 g4 35. Ke4 gxf3 36. gxf3 axb5 37. axb5 Rf5 38. Rd7+ Ka8 39. Re7 Rg5 40.
Rxe6 Rg2 41. Bxf4 Re2+ 42. Be3 Rb2 43. Rxb6 h4 44. Ra6+ Kb7 45. Ra7+ Kb8 46. b6 h3 47. Rh7 Rb4+ 48. Bd4 Rb5 49. Rxh3 Rg5 50. Rg3 Rh5 51. Rg7 Rh4+ 52. Kd5 Rh5+ 53. Be5+ 1-0

[Event "Live Chess"]
[Site "Chess.com"]
[Date "2023.05.21"]
[Round "-"]
[White "raminguy"]
[Black "EdenHazard8"]
[Result "0-1"]
[WhiteElo "1944"]
[BlackElo "2002"]
[TimeControl "300"]
[EndTime "17:28:10 PDT"]
[Termination "EdenHazard8 won by resignation"]

1. d4 Nf6 2. Nc3 g6 3. Bf4 Bg7 4.
Qd2 d6 5. O-O-O Nbd7 6. d5 O-O 7. Bh6 Ng4 8. Bxg7 Kxg7 9. e4 a5 10. f3 Ngf6 11. h4 Ne5 12. Be2 h5 13. g4 hxg4 14. fxg4 Bxg4 15. Bxg4 Nexg4 16. h5 Rh8 17. Nf3 Rxh5 18.
Rxh5 Nxh5 19. Rg1 Nhf6 20. Qg5 Qd7 21. Nd4 Rh8 22. Nf5+ Kf8 23. Nh4 Rh5 24. Nxg6+ fxg6 25. Qxg6 Qe8 0-1

[Event "Live Chess"]
[Site "Chess.com"]
[Date "2023.05.21"]
[Round "-"]
[White "laminaaprod"]
[Black "GEMdzq"]
[Result "0-1"]
[WhiteElo "2230"]
[BlackElo "2269"]
[TimeControl "300"]
[EndTime "17:28:35 PDT"]
[Termination "GEMdzq won by resignation"]

1. d4 Nf6 2. c4 e6 3. Nf3 c5 4. d5 exd5 5. cxd5 d6 6. Nc3 g6 7. e4 Bg7 8. Bd3 O-O 9. O-O Nbd7 10. Bf4 Qe7 11. Nb5 Ne8 12. Qc2 a6 13. Nc3 b5 14.
Rfe1 c4 15. Bf1 Ne5 16. Nxe5 Bxe5 17. Bxe5 Qxe5 18. Qd2 Bd7 19. f4 Qe7 20. e5 Bf5 21. Qd4 Nc7 22. Ne2 Rfd8 23. Ng3 dxe5 24. Nxf5 gxf5 25.
Rxe5 Qf6 26. Rd1 Rd6 27. Be2 Rad8 28. Bf3 Ne6 29. Qe3 Nf8 30. Re8 Kg7 31. Rxd8 Rxd8 32. Qc5 Rd6 33. Qf2 Nd7 34. Re1 Nb6 35. Qc5 Nd7 36.
Qc7 Nb6 37. Qc5 Na4 38. Qc8 Rd8 39. Qc6 Nxb2 40. Qc7 Nd3 41. Rd1 Qd4+ 0-1

[Event "Live Chess"]
[Site "Chess.com"]
[Date "2023.05.21"]
[Round "-"]
[White "Tushinskiy"]
[Black "CheckThis4"]
[Result "0-1"]
[WhiteElo "2166"]
[BlackElo "2527"]
[TimeControl "300"]
[EndTime "17:28:47 PDT"]
[Termination "CheckThis4 won by resignation"]

1. d4 Nf6 2. c3 d5 3. Nf3 Bf5 4. Bf4 e6 5. Nbd2 Bd6 6. Bg3 O-O 7. e3 c5 8. Be2 Nc6 9. O-O Rc8 10.
Re1 h6 11. Ne5 Qc7 12. f4 Ne4 13. Nxe4 Bxe4 14. Bd3 Bxd3 15. Qxd3 Ne7 16. Rad1 f6 17. Nf3 c4 18. Qe2 f5 19. Kh1 b5 20. Rg1 b4 21. Bh4 Ng6 22. g4 fxg4 23. Rxg4 Nxh4 24. Nxh4 bxc3 25. bxc3 Rb8 26. Rdg1 Rf7 27.
Qg2 Qe7 28. f5 Rb7 29. Ng6 Qf6 30. fxe6 Qxe6 31. Qh3 Rb2 32. Ne5 Kf8 33. Rf1 Bxe5 34.
Rxf7+ Qxf7 35. dxe5 Kg8 36. Rf4 Qg6 37. Qc8+ Kh7 38. Qf5 Rb1+ 39. Qxb1 Qxb1+ 40. Kg2 Qxa2+ 41. Kf3 Qa6 42. Rd4 Qe6 43. Kf4 g5+ 44. Kf3 Qxe5 45. e4 dxe4+ 46. Rxe4 Qxc3+ 0-1

[Event "Live Chess"]
[Site "Chess.com"]
[Date "2023.05.21"]
[Round "-"]
[White "Missedidea"]
[Black "Olisingapore"]
[Result "1-0"]
[WhiteElo "1820"]
[BlackElo "1805"]
[TimeControl "300"]
[EndTime "17:29:03 PDT"]
[Termination "Missedidea won by resignation"]

1. d4 Nf6 2. c4 e6 3. Nc3 Bb4 4. e3 c5 5. Bd3 Nc6 6. Nf3 d6 7.
O-O O-O 8. a3 Bxc3 9. bxc3 b6 10. e4 e5 11. Bg5 cxd4 12. cxd4 exd4 13. Re1 h6 14. Bh4 Re8 15. Bc2 Ba6 16. Nxd4 Nxd4 17. Qxd4 Rc8 18. Bd3 g5 19. Bg3 Re6 20. f3 Nh5 21. Bf2 Qf6 22. Qxf6 Nxf6 23. Rac1 Rc6 24. Rc3 Nd7 25. Rec1 Re8 26. h4 Rec8 27. hxg5 hxg5 28. Be3 f6 29. Bd4 Ne5 30. Bxe5 fxe5 31. Bf1 b5 32. Kf2 bxc4 33. Ke3 Kf7 34. Be2 Kf6 35. Rh1 Kg6 36.
g4 Rb6 37. Bd1 Bb5 38. Bc2 Bd7 39. Rh5 Be6 40. a4 Rb2 41. Kd2 d5 42. exd5+ Kf6 43.
dxe6 Rd8+ 44. Kc1 Ra2 45. Rxc4 1-0

[Event "Live Chess"]
[Site "Chess.com"]
[Date "2023.05.21"]
[Round "-"]
[White "manthanit"]
[Black "smoggyrabbit"]
[Result "1-0"]
[WhiteElo "1060"]
[BlackElo "1737"]
[TimeControl "300"]
[EndTime "17:29:08 PDT"]
[Termination "manthanit won on time"]

1. e4 e6 2. Nf3 d5 3. exd5 exd5 4.
Nc3 c6 5. d4 Bd6 6. h3 Ne7 7.
Nd2 O-O 8. Ne2 Bf5 9. g3 Nd7 10. Bg2 Nf6 11. c4 Re8 12. O-O Ng6 13. cxd5 cxd5 14.
Nf3 Qd7 15. Kh2 Rac8 16. Bg5 Ne4 17. Ne5 Bxe5 18. dxe5 Nxg5 19. Ng1 Rc2 20. b3 Rec8 21. Qh5 Ne4 22. Nf3 Rxf2 23. Rxf2 Nxf2 24. Ng5 h6 25. Qe2 Rc2 26. Qxc2 Bxc2 27. Rc1 Bf5 28. Rc2 hxg5 29. Rxf2 Be4 30. Rd2 Bxg2 31. Kxg2 Nxe5 32. Re2 Qf5 33. Rf2 Qe4+ 34. Kg1 Nf3+ 35. Kf1 Qd3+ 36. Kg2 Ne5 37. Kg1 Qc3 38. Kh2 d4 39. Re2 d3 40. Rxe5 d2 41.
Re8+ Kh7 42. h4 d1=Q 43. Kh3 Qcf3 44. Rh8+ Kg6 45. h5+ 1-0

[Event "Live Chess"]
[Site "Chess.com"]
[Date "2023.05.21"]
[Round "-"]
[White "Jo1ts"]
[Black "JoshMcK"]
[Result "0-1"]
[WhiteElo "801"]
[BlackElo "1541"]
[TimeControl "300"]
[EndTime "17:29:13 PDT"]
[Termination "JoshMcK won by checkmate"]

1. d4 d5 2. Bf4 Nf6 3. Nf3 e6 4. e3 Bd6 5. Bg3 O-O 6. Nbd2 c5 7. c3 Qc7 8. Bd3 cxd4 9. cxd4 Nc6 10. Qc2 Bxg3 11. hxg3 h6 12. e4 dxe4 13. Nxe4 Nxe4 14. Bxe4 Bd7 15. Qe2 Qb6 16. Ng5 Nxd4 17. Qd1 Bb5 18. Bh7+ Kh8 19. Be4 Rac8 20. Rc1 Rxc1 21. Qxc1 Qa5+ 22.
Kd1 Be2# 0-1

[Event "Live Chess"]
[Site "Chess.com"]
[Date "2023.05.21"]
[Round "-"]
[White "alanmike75"]
[Black "Biranidun"]
[Result "0-1"]
[WhiteElo "1554"]
[BlackElo "2639"]
[TimeControl "300"]
[EndTime "17:29:47 PDT"]
[Termination "Biranidun won by resignation"]

1. e4 c5 2. Nf3 d6 3. Be2 Nf6 4. d3 g6 5. O-O Bg7 6. c4 O-O 7. Nc3 Bg4 8. Be3 Nc6 9. Rc1 Nd7 10. b3 a6 11. Nd5 b5 12. h3 Bxf3 13.
Bxf3 e6 14. Nf4 Nd4 15. Bxd4 Bxd4 16. Ne2 Bg7 17. d4 cxd4 18. Nxd4 bxc4 19. bxc4 Qc7 20. e5 dxe5 21. Bxa8 exd4 22. Bf3 Nc5 23. Re1 d3 24. Rb1 Rd8 25. Qd2 h5 26. Red1 Kh7 27. Qb4 Bd4 28. Qb7 Nxb7 0-1

[Event "Live Chess"]
[Site "Chess.com"]
[Date "2023.05.21"]
[Round "-"]
[White "SupremeTactician"]
[Black "jimwad"]
[Result "1-0"]
[WhiteElo "2343"]
[BlackElo "1255"]
[TimeControl "300"]
[EndTime "17:29:51 PDT"]
[Termination "SupremeTactician won by resignation"]

1. e4 e5 2. Nf3 Nc6 3. Nc3 Nf6 4.
Bb5 Bc5 5. O-O d6 6. d4 exd4 7. Nxd4 Bd7 8. Nxc6 Bxc6 9. Bd3 O-O 10. Bg5 h6 11. Bh4 g5 12. Bg3 Nh5 13. Nd5 Nxg3 14.
hxg3 Bxd5 15. exd5 f5 16. c3 Qf6 17. b4 Bb6 18. Rc1 c6 19. dxc6 bxc6 20. a4 d5 21. c4 Rad8 22. cxd5 Rxd5 23. Bc4 Rd8 24. a5 Bc7 25. Qb3 Kg7 26. Bxd5 cxd5 27. Rxc7+ Kg6 28. b5 f4 29. Rc6 Rb8 30. Rxf6+ 1-0

[Event "Live Chess"]
[Site "Chess.com"]
[Date "2023.05.21"]
[Round "-"]
[White "grillage"]
[Black "Conradical12"]
[Result "0-1"]
[WhiteElo "1802"]
[BlackElo "1627"]
[TimeControl "300"]
[EndTime "17:30:53 PDT"]
[Termination "Conradical12 won by resignation"]

1. d4 d5 2. Nf3 c5 3. c4 Nf6 4. cxd5 Qxd5 5. Nc3 Qd8 6. d5 e6 7. e4 exd5 8. exd5 Be7 9. Be2 O-O 10. O-O Bd6 11. Bg5 Bf5 12. Re1 Bc7 13. Bd3 Bg4 14. h3 Bh5 15. Be4 Qd6 16. Nb5 Bxf3 17. Nxd6 Bxd1 18.
Nb5 Nxe4 19. Rxe4 Bc2 20. Rc4 Bd3 21. Nxc7 Bxc4 22. Nxa8 Na6 23. d6 Rxa8 24. Rd1 f6 25. d7 Rd8 26. Bf4 Bxa2 27. g4 Be6 28. Rd6 Kf7 29. g5 fxg5 30. Bxg5 Rxd7 0-1

[Event "Live Chess"]
[Site "Chess.com"]
[Date "2023.05.21"]
[Round "-"]
[White "CheckThis4"]
[Black "GEMdzq"]
[Result "0-1"]
[WhiteElo "2510"]
[BlackElo "2288"]
[TimeControl "300"]
[EndTime "17:30:55 PDT"]
[Termination "GEMdzq won by resignation"]

1. d4 Nf6 2. Nc3 e6 3. e4 c5 4. d5 d6 5. Bb5+ Bd7 6. dxe6 fxe6 7. e5 Bxb5 8. exf6 Bc6 9. fxg7 Bxg7 10. Qh5+ Kd7 11. Nf3 Rf8 12. Qxh7 Qe7 13. Bg5 Bxc3+ 0-1

[Event "Live Chess"]
[Site "Chess.com"]
[Date "2023.05.21"]
[Round "-"]
[White "KGreenGator"]
[Black "chessfiction"]
[Result "0-1"]
[WhiteElo "1784"]
[BlackElo "2346"]
[TimeControl "300"]
[EndTime "17:30:59 PDT"]
[Termination "chessfiction won by checkmate"]

1. c4 d5 2. cxd5 c6 3. dxc6 e5 4. cxb7 Bxb7 5. Qb3 Qc7 6. Nc3 Nc6 7. e3 Nf6 8. Bc4 Na5 9. Qa4+ Bc6 10. Bb5 Rc8 11. Bxc6+ Nxc6 12. Nge2 Bd6 13. O-O O-O 14. d4 exd4 15.
Nxd4 Bxh2+ 16. Kh1 Nxd4 17. Qxd4 Be5 18. Qd3 Bxc3 19.
bxc3 Qxc3 20. Qxc3 Rxc3 21. Bb2 Rc2 22. Bd4 Ne4 23. Kg1 Rb8 24. f3 Ng3 25. Rfe1 Nf5 26. Be5 Rbc8 27. a4 Nh4 28. Bd4 Rxg2+ 29. Kh1 Rcc2 30.
Rec1 Rh2+ 31. Kg1 Nxf3+ 32. Kf1 Rcf2# 0-1

[Event "Live Chess"]
[Site "Chess.com"]
[Date "2023.05.21"]
[Round "-"]
[White "CeladonFish"]
[Black "peter-785"]
[Result "0-1"]
[WhiteElo "1098"]
[BlackElo "1200"]
[TimeControl "300"]
[EndTime "17:31:14 PDT"]
[Termination "peter-785 won by checkmate"]

1. d4 d5 2. c4 c6 3. Nc3 e6 4. Bf4 Nf6 5. Nf3 Be7 6. cxd5 cxd5 7. Qa4+ Bd7 8. Qb3 Bc6 9. Nb5 a6 10. Nc7+ Kf8 11. Nxa8 b5 12. Nc7 Bd6 13. Bxd6+ Qxd6 14. Nxa6 Nxa6 15. e3 Qb4+ 16. Qxb4+ Nxb4 17. Kd2 Ne4+ 18. Ke2 f6 19. a3 Na6 20. Rc1 Bd7 21. Nd2 Nd6 22.
Kf3 Ke7 23. a4 b4 24. Bxa6 Nf5 25. Bb5 Nh4+ 26. Kg3 Nf5+ 27. Kh3 g5 28. Bxd7 Kxd7 29.
a5 h5 30. a6 g4# 0-1

[Event "Live Chess"]
[Site "Chess.com"]
[Date "2023.05.21"]
[Round "-"]
[White "luckywookie"]
[Black "gmnorfolk"]
[Result "0-1"]
[WhiteElo "766"]
[BlackElo "2118"]
[TimeControl "300"]
[EndTime "17:31:16 PDT"]
[Termination "gmnorfolk won on time"]

1. e4 c5 2. c3 e6 3. d4 d5 4. exd5 exd5 5. Bb5+ Nc6 6. Nf3 Qe7+ 7. Be3 Nf6 8. O-O a6 9. Bxc6+ bxc6 10. Re1 Be6 11. Ng5 Qd7 12. Nxe6 fxe6 13. Nd2 cxd4 14. cxd4 Bd6 15.
Nf3 O-O 16. Ne5 Qc7 17. Rc1 c5 18. dxc5 Bxe5 19. Bd4 Bxd4 20. Qxd4 Qc6 21. f3 Rae8 22. Re5 Nd7 23. Rg5 e5 24. Qc3 d4 25. Qc4+ Kh8 26.
b4 h6 27. Rh5 Nf6 28. Rf5 Qc8 29. g4 e4 30. Qxd4 exf3 31. Rxf3 Re4 32. Qd3 Rxg4+ 33.
Kf1 Qc6 34. h3 Rxb4 35. Rc4 Rxc4 36. Qxc4 Qxf3+ 37. Ke1 Re8+ 38. Kd2 Ne4+ 39. Kc2 Nxc5 40. Qxc5 Re2+ 0-1

[Event "Live Chess"]
[Site "Chess.com"]
[Date "2023.05.21"]
[Round "-"]
[White "wot-not"]
[Black "Baturin_Yevgeniy"]
[Result "0-1"]
[WhiteElo "1541"]
[BlackElo "1803"]
[TimeControl "300"]
[EndTime "17:31:32 PDT"]
[Termination "Baturin_Yevgeniy won by checkmate"]

1. e4 e6 2. f4 d5 3. e5 c5 4. Nf3 Nc6 5. d4 cxd4 6. Bd3 Qa5+ 7. Nbd2 Nh6 8. O-O Ng4 9. Nb3 Qb6 10. h3 Ne3 11.
Bxe3 dxe3 12. Kh1 a5 13. c3 a4 14. Nc1 Qxb2 15. Ne2 Bc5 16. Ng5 h6 17. Nf3 a3 18.
Qe1 Bd7 19. Qg3 g6 20. Qh4 Qb6 21. Rab1 Qd8 22. Qe1 b6 23. Rb3 Na5 24. Rb1 Nc4 25. Bxc4 dxc4 26. Qc1 O-O 27. Rd1 Qc7 28. Nfd4 Ba4 29.
Re1 b5 30. Nxb5 Bxb5 31. Rxb5 Rfb8 32. Rxb8+ Rxb8 33. Nd4 Rb2 34. Re2 Bxd4 35. Rxb2 axb2 36. Qxb2 Bc5 37. a4 Qb6 38. Qe2 Qb1+ 39. Kh2 Qb3 40. Qe1 Qxa4 41. h4 Qb3 42. Kh3 Qc2 43. g3 Qd2 44. Qa1 e2 45. Qa8+ Kg7 46. Qc6 e1=Q 47. Qxc5 Qh1+ 48. Kg4 Qe2# 0-1

[Event "Live Chess"]
[Site "Chess.com"]
[Date "2023.05.21"]
[Round "-"]
[White "KeithArkell"]
[Black "GMHarry-youtube"]
[Result "1/2-1/2"]
[WhiteElo "2604"]
[BlackElo "2042"]
[TimeControl "300"]
[EndTime "17:32:20 PDT"]
[Termination "Game drawn by repetition"]

1. d4 Nf6 2. Nf3 g6 3. c4 Bg7 4.
g3 O-O 5. Bg2 d5 6. cxd5 Nxd5 7.
Nc3 Nxc3 8. bxc3 c5 9. O-O Nc6 10. e3 cxd4 11. cxd4 e5 12. dxe5 Nxe5 13. Nxe5 Bxe5 14.
Rb1 Rb8 15. Ba3 Re8 16. Qxd8 Rxd8 17. Rfc1 b6 18. f4 Bf6 19. Rc7 Rd7 20. Rbc1 Rxc7 21. Rxc7 a5 22. Bd5 Be6 23. Bxe6 fxe6 24. Bd6 Rd8 25. Rc6 b5 26. Kf2 Kf7 27. Ke2 Be7 28.
Bxe7 Kxe7 29. Rc5 Rd5 30. Rc7+ Rd7 31. Rc8 Rd8 32. Rc2 Rd6 33. e4 Kd7 34. Rc5 Rd4 35. Ke3 Ra4 36. Rxb5 Rxa2 37. Rb7+ Kd6 38. Rxh7 Ra3+ 39.
Kd4 Ra4+ 40. Kd3 Ra3+ 41. Ke2 Ra2+ 42. Kf3 a4 43. Kg4 Kc6 44. Kg5 Kb6 45. Rh8 Kb7 46. Rh7+ Kb6 47. Re7 Rxh2 48. Rxe6+ Kb5 49. Re8 a3 50.
Ra8 Kb4 51. g4 Rg2 52. e5 a2 53. e6 Kb3 54. Kxg6 Rxg4+ 55. Kf5 Rg7 56. Kf6 Rg4 57.
f5 Ra4 58. Rb8+ Ka3 59. e7 a1=Q+ 60. Kf7 Ra7 61. Rb6 Qe5 62. f6 Qd5+ 63. Kg7 Qg5+ 64. Kf7 Qh5+ 65. Kg7 Ra8 66. Re6 Qh8+ 67. Kg6 Qg8+ 68.
Kf5 Ra5+ 69. Re5 Rxe5+ 70. Kxe5 Qf7 71. Kd6 Qxf6+ 72. Kd7 Qd4+ 73. Ke6 Qe4+ 74. Kd6 Qg6+ 75. Kd7 Qf7 76. Kd8 Qd5+ 77. Kc7 Qc5+ 78. Kd7 Qd5+ 79. Kc7 Qf7 80. Kd8 Qf6 81. Kd7 Qd4+ 82. Ke6 Qb6+ 83. Kd7 Qb7+ 84. Kd8 Qd5+ 85. Kc7 1/2-1/2

[Event "Live Chess"]
[Site "Chess.com"]
[Date "2023.05.21"]
[Round "-"]
[White "nigelst"]
[Black "Doge_Dandolo"]
[Result "0-1"]
[WhiteElo "1794"]
[BlackElo "1961"]
[TimeControl "300"]
[EndTime "17:32:22 PDT"]
[Termination "Doge_Dandolo won on time"]

1. e4 c6 2. d4 d5 3. exd5 cxd5 4. Bd3 Nc6 5. c3 Qc7 6. Ne2 Bg4 7. f3 Bh5 8. Bf4 Qb6 9. Qb3 e6 10. O-O Nge7 11.
Qxb6 axb6 12. Na3 Bg6 13. Bxg6 Nxg6 14. Nb5 Kd7 15. Rfe1 Nxf4 16. Nxf4 g5 17. Nh5 Be7 18. Ng3 h5 19. Nf1 Ra5 20. a4 Rha8 21. b3 Bf6 22. Ng3 h4 23. Nf1 Ne7 24. Ne3 Nc8 25. Ng4 Be7 26. Ne5+ Ke8 27. Nc7+ Kf8 28. Nxa8 Rxa8 29. g3 Nd6 30. gxh4 gxh4 31. Kf2 Nf5 32. Nd7+ Ke8 33.
Nxb6 Bd8 34. a5 Bc7 35. Rg1 Ke7 36. Rg2 Bxb6 37. b4 Nxd4 38. Kf1 Nf5 39. Ke2 Bc7 40. Rag1 Be5 41. Kd3 Rc8 42. Rc1 Bd6 43. b5 Rc5 44. Rb1 Be5 45. Ra2 Rxc3+ 46. Ke2 Nd4+ 47. Kf2 Rxf3+ 48.
Kg2 h3+ 49. Kg1 Rc3 50. a6 bxa6 51. bxa6 Nf3+ 52. Kh1 Bd4 53. a7 Bxa7 54. Rxa7+ Kf6 55. Rf1 Ke5 56. Ra2 f5 57. Re2+ Kf6 58. Ref2 e5 59.
Rxf3 Rxf3 60. Rxf3 e4 61. Rxh3 d4 62. Kg2 d3 63.
Kf2 Ke5 0-1

[Event "Live Chess"]
[Site "Chess.com"]
[Date "2023.05.21"]
[Round "-"]
[White "xx_blindpuffin_xx"]
[Black "LodeshChess"]
[Result "0-1"]
[WhiteElo "2197"]
[BlackElo "1156"]
[TimeControl "300"]
[EndTime "17:32:26 PDT"]
[Termination "LodeshChess won by checkmate"]

1. d4 Nf6 2. Bf4 c5 3. e3 Qb6 4.
Nc3 Qxb2 5. Nb5 Nd5 6. Bc4 Qb4+ 7. Qd2 Qxc4 8. Nc7+ Nxc7 9. Bxc7 d6 10. Bxb8 Rxb8 11.
Nf3 g6 12. c3 Bg7 13. Rc1 cxd4 14. cxd4 Qa6 15. Ng1 O-O 16. Ne2 Bg4 17. f3 Bf5 18.
O-O Bd3 19. Rfe1 Bxe2 20. Rxe2 Rbc8 21. Rb1 b6 22. Qd1 Rc7 23. Reb2 Rfc8 24. h3 Rc3 25. Kf2 Qd3 26. Qxd3 Rxd3 27. Ke2 Rdc3 28. Kd2 h5 29. f4 Ra3 30. Rc1 Rxc1 31. Kxc1 Rxe3 32. Rd2 Re4 33. Kc2 Rxd4 34. Re2 e6 35. g3 Rc4+ 36. Kb3 Rc3+ 37. Kb4 Rxg3 38. Kb5 Rxh3 39. Kc6 d5 40. Kb7 Ra3 41. Kc8 Ra5 42. Kd7 d4 43. Ke7 Rd5 44.
Rd2 d3 45. Rd1 h4 46. a4 d2 47. Ke8 h3 48. f5 exf5 49. Ke7 h2 50. a5 bxa5 51. Rh1 d1=Q 52. Rxd1 Rxd1 53. Ke8 h1=Q 54. Ke7 Qe4# 0-1

[Event "Live Chess"]
[Site "Chess.com"]
[Date "2023.05.21"]
[Round "-"]
[White "LutherSullivan"]
[Black "AlanPaling"]
[Result "1-0"]
[WhiteElo "2104"]
[BlackElo "1380"]
[TimeControl "300"]
[EndTime "17:32:35 PDT"]
[Termination "LutherSullivan won by resignation"]

1. e4 Nf6 2. e5 Nd5 3. Nc3 Nxc3 4. dxc3 d5 5. c4 d4 6. Nf3 c5 7. c3 Nc6 8. cxd4 cxd4 9. Bd3 Bg4 10. Bf4 e6 11. O-O Bc5 12. a3 a5 13. Be4 Qc7 14.
b4 axb4 15. axb4 Rxa1 16. Qxa1 Be7 17. Qa8+ Nd8 18. Qa4+ Qd7 19. Qxd7+ Kxd7 20. Nxd4 Bxb4 21. Rb1 Bc5 22. Nb3 b6 23. Nxc5+ bxc5 24. Be3 Be2 25.
Bxc5 Bxc4 26. Rd1+ Kc7 27. Bd6+ Kb6 28. Rb1+ Ka6 29.
Rb8 f5 30. exf6 gxf6 31. Be7 Nf7 32. Rxh8 Nxh8 33. Bxf6 Ng6 34. h4 Bd5 35. Bd3+ Kb6 36. g3 h5 37. Bxg6 1-0

[Event "Live Chess"]
[Site "Chess.com"]
[Date "2023.05.21"]
[Round "-"]
[White "jimwad"]
[Black "grillage"]
[Result "0-1"]
[WhiteElo "1254"]
[BlackElo "1803"]
[TimeControl "300"]
[EndTime "17:32:58 PDT"]
[Termination "grillage won by resignation"]

1. d4 Nf6 2. c4 e6 3. Nc3 Bb4 4.
Bd2 b6 5. Nf3 Bb7 6. e3 d6 7.
Be2 O-O 8. O-O Nbd7 9. Rc1 e5 10. a3 Bxc3 11. Bxc3 Re8 12. dxe5 Nxe5 13. Nxe5 dxe5 14. Qxd8 Raxd8 15. b3 c5 16. f3 e4 17. f4 Re6 18.
Bg4 Red6 19. Rcd1 Nxg4 20. Rxd6 Rxd6 21. h3 Nxe3 0-1

[Event "Live Chess"]
[Site "Chess.com"]
[Date "2023.05.21"]
[Round "-"]
[White "domrobson"]
[Black "WelshTiger"]
[Result "0-1"]
[WhiteElo "1740"]
[BlackElo "2348"]
[TimeControl "300"]
[EndTime "17:33:39 PDT"]
[Termination "WelshTiger won by resignation"]

1. d4 Nf6 2. c4 c5 3. d5 e6 4.
Nc3 exd5 5. cxd5 d6 6. e4 g6 7. Be2 Bg7 8. Nf3 O-O 9. O-O Ne8 10. Bf4 a6 11. a4 f5 12. e5 dxe5 13. Bxe5 Nf6 14.
Bc4 Nbd7 15. Re1 Nxe5 16. Nxe5 Qd6 17. Nf3 Bd7 18. Ne5 Rae8 19. Nxd7 Nxd7 20. Re6 Qf4 21. Qe2 Ne5 22. d6 Qxc4 23. Rxe5 Qxe2 24. Rxe2 Bxc3 25. Rxe8 Rxe8 26. bxc3 Rd8 27. Rd1 Kf7 28. Rb1 Rd7 29. Rb6 Ke6 30. Kf1 Kd5 31. Ke2 Kc4 32. Kd2 g5 33. h3 h5 34. g3 f4 35. g4 h4 36. f3 Kd5 37. Kc2 c4 38. a5 Kc5 39. Kc1 Rxd6 40. Rxb7 Rd3 41. Rg7 Rxc3+ 42. Kb2 Rxf3 43. Rxg5+ Kb4 44. Rf5 Rf2+ 45. Kc1 Kc3 46. Kd1 Kd3 47. Ke1 Rf3 48. g5 c3 49. Rd5+ Ke3 50. Rc5 Kd4 51. Rc6 Rg3 52. g6 Ke3 53.
Kd1 Kd3 54. Ke1 Rxh3 55. g7 Rg3 56. Rc7 h3 57. Kf2 h2 58. g8=Q Rxg8 59. Rh7 c2 60. Rxh2 c1=Q 61. Kf3 0-1

[Event "Live Chess"]
[Site "Chess.com"]
[Date "2023.05.21"]
[Round "-"]
[White "ShanthamGrarks"]
[Black "raminguy"]
[Result "1-0"]
[WhiteElo "2015"]
[BlackElo "1937"]
[TimeControl "300"]
[EndTime "17:33:40 PDT"]
[Termination "ShanthamGrarks won by resignation"]

1. d4 d5 2. Nc3 Nf6 3. e4 dxe4 4.
f3 e6 5. fxe4 Bb4 6. Bg5 h6 7.
Bxf6 Qxf6 8. Nf3 O-O 9. Bd3 c5 10. O-O Bxc3 11. bxc3 cxd4 12. cxd4 Nc6 13. e5 Qd8 14.
Kh1 Kh8 15. c3 Qa5 16. Rc1 Qxa2 17. Bc2 Qa6 18. Nh4 Ne7 19. Qd2 b6 20. Rf6 Ng8 21.
Ng6+ fxg6 22. Rxf8 Bb7 23. Rxa8 Bxa8 24. Bxg6 Qb7 25.
Re1 a5 26. Be4 Qb8 27. Bb1 Qb7 28. Qc2 g5 29. Rf1 a4 30. Rf8 a3 31. Rxa8 1-0

[Event "Live Chess"]
[Site "Chess.com"]
[Date "2023.05.21"]
[Round "-"]
[White "therealab0ne"]
[Black "Biranidun"]
[Result "0-1"]
[WhiteElo "708"]
[BlackElo "2639"]
[TimeControl "300"]
[EndTime "17:34:08 PDT"]
[Termination "Biranidun won by checkmate"]

1. e4 c5 2. Nc3 d6 3. Nge2 Nf6 4. g3 g6 5. Bg2 Bg7 6. O-O O-O 7. d3 Nc6 8. b3 Bg4 9. a4 Bxe2 10. Nxe2 Nd7 11. Ba3 Bxa1 12. Qxa1 e5 13. c3 a6 14. d4 b5 15.
axb5 axb5 16. dxc5 Nxc5 17. b4 Na4 18. Qc1 Nb6 19. f4 Nc4 20. Bb2 Ra2 21. Ba1 Rxe2 22. Bf3 Qb6+ 23. Kh1 Rf2 24. Rxf2 Qxf2 25. f5 Qxf3+ 26.
Kg1 Ne3 27. Qc2 Qf1# 0-1

[Event "Live Chess"]
[Site "Chess.com"]
[Date "2023.05.21"]
[Round "-"]
[White "Tilbs_12"]
[Black "EdenHazard8"]
[Result "0-1"]
[WhiteElo "1557"]
[BlackElo "2003"]
[TimeControl "300"]
[EndTime "17:34:14 PDT"]
[Termination "EdenHazard8 won by resignation"]

1. e4 c6 2. d4 d5 3. exd5 cxd5 4.
c4 Nc6 5. Nc3 dxc4 6. Bxc4 Nf6 7. Nf3 Bg4 8. d5 Ne5 9. Be2 Nxf3+ 10. Bxf3 Bxf3 11. Qxf3 g6 12. O-O Bg7 13. Rd1 O-O 14. Bf4 Qb6 15. Rab1 Rfd8 16. a3 Nd7 17. Be3 Qa5 18.
Ne4 Ne5 19. Qf4 Rxd5 20. Ng5 Rf8 21. Nf3 Nd3 22. Qc4 Rfd8 23. Qb3 Nxb2 24. Rxd5 Qxd5 25. h3 Qxb3 0-1